Construct Infanterie Kompanie
Selects Luftwaffe Battlegroup
Selects Luftwaffe Pioneer Support
Fallschirmpioneer Squad Paradrop
Fallschirmpioneer Squad Paradrop
Selects Stuka Strafing Run
Construct Luftwaffe Kompanie
Selects Flak 38 Anti-Air Emplacement
Construct Panzergrenadier Kompanie
Selects Flak 36 Anti-tank Gun Emplacement
Pak 40 Anti-tank Gun Team
Construct Panzer Kompanie
Fallschirmpioneer Squad Paradrop
Selects Fallschirmjäger Squad Paradrop
Fallschirmjäger Squad Paradrop